 Dungeon Crawl Stone Soup version 0.23.0 (webtiles) character file.

Game seed: 10297383901885911652

60 Borgoz the Skirmisher (level 4, -3/40 HPs)
             Began as a Ghoul Monk on Feb 17, 2019.
             Slain by an adder (4 damage)
             ... on level 3 of the Dungeon.
             The game lasted 00:02:06 (1285 turns).

Borgoz the Skirmisher (Ghoul Monk)                  Turns: 1285, Time: 00:02:06

Health: -3/40      AC:  2    Str: 11 (14) XL:     4   Next: 6%
Magic:  3/3        EV: 13    Int:  9 (10) God:
Gold:   74         SH:  0    Dex: 10 (12) Spells: 3/3 levels left

rFire    . . .     SeeInvis .   f - +1 dagger (freeze)
rCold    + . .     Gourm    .   (no shield)
rNeg     + + +     Faith    .   b - +0 robe
rPois    ∞         Spirit   .   (no helmet)
rElec    .         Reflect  .   (no cloak)
rCorr    .         Harm     .   (no gloves)
MR       .....                  (no boots)
Stlth    ++........             (no amulet)
HPRegen  0.00/turn              (no ring)
MPRegen  0.08/turn              (no ring)

@: brilliant, rotting
A: rotting body, claws 1, carnivore, cold resistance 1, negative energy
resistance 3, inhibited regeneration, torment resistance, unbreathing
a: no special abilities


You were on level 3 of the Dungeon.
You were not hungry.

You visited 1 branch of the dungeon, and saw 3 of its levels.

You collected 74 gold pieces.

Inventory:

Hand Weapons
 f - a +1 dagger of freezing (weapon)
Armour
 b - a +0 robe (worn)
Scrolls
 a - a scroll of enchant armour {unknown}
 e - a scroll of magic mapping {unknown}
 g - a scroll of fear {unknown}
 h - 2 scrolls of identify {unknown}
 j - a scroll of immolation {unknown}
 k - 3 scrolls of remove curse {unknown}
 m - a scroll of noise {unknown}
Potions
 d - a potion of brilliance
 n - 2 potions of degeneration
Comestibles
 c - 6 rations


   Skills:
 + Level 3.8 Fighting
 + Level 3.1 Short Blades
 + Level 1.1 Armour
 + Level 3.1 Dodging
 + Level 2.9 Stealth


You had 3 spell levels left.
You didn't know any spells.
Your spell library was empty.

Dungeon Overview and Level Annotations

Branches:
Dungeon (3/15)

Altars:


Innate Abilities, Weirdness & Mutations

Your body is rotting away.
You thrive on raw meat.
You are immune to poison.
You have sharp fingernails.
You are carnivorous and can eat meat at any time.
Your flesh is cold resistant. (rC+)
You are immune to negative energy. (rN+++)
You do not regenerate when monsters are visible.
You are immune to unholy pain and torment.
You can survive without breathing.


Message History

The adder bites you.
* * * LOW HITPOINT WARNING * * *
You hit the adder.
The adder seems to slow down.
You freeze the adder.
The adder is almost dead.
The adder bites you.
* * * LOW HITPOINT WARNING * * *
There is a stone staircase leading down here.
You hit the adder but do no damage.
The adder is almost dead.
The adder is no longer moving slowly.
The adder misses you. The adder bites you.
* * * LOW HITPOINT WARNING * * *
You climb downwards.
Found a leatherbound book, a mace, a ring mail and 5 gold pieces.
Found a stone staircase leading up.
There is a stone staircase leading up here.
You hit the adder but do no damage.
The adder is almost dead.
The adder bites you.
You die...

. ## #.
.### $[.##
...
...###..
....:
####..##
#....@.#
....##S...#
. .....).#
##.###....
<. #.....
.## ###.#
#. # #


You could see an adder.

Vanquished Creatures
  4 adders (D:2)
  A leopard gecko (D:1)
  7 bats
  5 goblins
  4 jackals
  A frilled lizard (D:1)
  2 rats
24 creatures vanquished.

Notes
Turn   | Place    | Note
-------+----------+-------------------------------------------
     0 | D:1      | Borgoz the Ghoul Monk began the quest for the Orb.
     0 | D:1      | Reached XP level 1. HP: 19/19 MP: 0/0
   287 | D:1      | Reached XP level 2. HP: 15/26 MP: 1/1
  1032 | D:2      | Reached XP level 3. HP: 18/30 MP: 2/2
  1084 | D:2      | Found a faded altar of an unknown god.
  1106 | D:2      | Reached skill level 1 in Armour
  1231 | D:2      | Reached XP level 4. HP: 27/40 MP: 3/3
  1283 | D:2      | HP: 1/40 [adder (2)]
  1285 | D:3      | Slain by an adder

Skill      XL: |  1  2  3 |
---------------+----------+-----
Short Blades   | 3 |  3.1
Dodging        | 3 |  3.1
Armour         | 1 |  1.1
Fighting       | |  3.8
Stealth        | |  2.9

Action                   |  1- 3 |  4- 6 || total
-------------------------+-------+-------++-------
Melee: Short sword       |    35 |       ||    35
       Dagger            |    72 |    17 ||    89
  Use: Potion            |       |     3 ||     3
 Stab: Sleeping          |     2 |     1 ||     3
  Eat: Chunk             |     8 |     1 ||     9
Armor: Robe              |    35 |     1 ||    36
Dodge: Dodged            |   110 |     8 ||   118
